 Dungeon Crawl Stone Soup version 0.29-a0-344-ge2f44be95a (webtiles) character file.

Game seed: 16318929782457838038

153 spaghetti the Covered (level 5, -2/49 HPs)
             Began as a Naga Fighter on Apr 21, 2022.
             Splashed by a jelly's acid (6 damage)
             ... on level 4 of the Dungeon.
             The game lasted 00:04:49 (2756 turns).

spaghetti the Covered (Naga Fighter)                Turns: 2756, Time: 00:04:50

Health: -2/49      AC: -3    Str: 21 (23) XL:     5   Next: 35%
Magic:  0/14       EV:  7    Int:  5 (8)  God:
Gold:   182        SH:  3    Dex:  8 (11) Spells: 4/4 levels left

rFire   . . .      SeeInvis +   r - +2 dagger (freeze) {short}
rCold   . . .      Faith    .   c - +0 buckler
rNeg    . . .      Spirit   +   b - +0 scale mail
rPois   +          Reflect  .   t - +1 helmet
rElec   .          Harm     .   (no cloak)
rCorr   .          Rampage  .   (no gloves)
Will    .....                   (no barding)
Stlth   ..........              i - amulet of guardian spirit
HPRegen 0.16/turn               j - ring of Wu Jian, Wizarding {+Blink MP+9 Str+3 SInv}
MPRegen 0.14/turn               (no ring)

@: short of breath, corroded, very slow
A: AC +1, large, see invisible, deformed body, poison resistance, slowness 2,
spit poison 1, naga tail 1
a: Spit Poison, Evoke Blink


You were on level 4 of the Dungeon.
You visited 1 branch of the dungeon, and saw 4 of its levels.

You collected 182 gold pieces.


Innate Abilities, Weirdness & Mutations

Your serpentine skin is tough. (AC +1)
You have supernaturally acute eyesight. (SInv)
Armour fits poorly on your strangely shaped body.
Your system is resistant to poisons. (rPois)
You cover ground very slowly.
You can spit poison.
You have a snake-like lower body.


   Skills:
 - Level 3.0 Fighting
 - Level 2.0 Polearms
 + Level 1.5 Throwing
 * Level 4.5 Armour
 - Level 2.4 Shields


You had 4 spell levels left.
You didn't know any spells.
Your spell library contained the following spells:

 Spells                   Type           Power      Damage    Failure   Level
 Beastly Appendage        Tmut           0%         N/A       87%         1
 Wereblood                Tmut           0%         N/A       95%         2
 Spider Form              Tmut/Pois      0%         N/A       99%         3

Inventory:

Hand Weapons
 a - a +0 trident {polearm}
 o - a +1 dagger of venom {short}
   (You took it off a goblin on level 3 of the Dungeon)
 r - a +2 dagger of freezing (weapon) {short}
   (You took it off a goblin on level 3 of the Dungeon)
Missiles
 k - 26 stones (quivered) {throwing}
 p - 2 poisoned darts {throwing}
 s - 3 atropa-tipped darts {throwing}
Armour
 b - a +0 scale mail (worn)
 c - a +0 buckler (worn)
 e - a +1 hat
   (You found it on level 1 of the Dungeon)
 t - a +1 helmet (worn)
   (You took it off Robin on level 3 of the Dungeon)
Jewellery
 i - an amulet of guardian spirit (around neck)
   (You found it on level 2 of the Dungeon)
 j - the ring of Wu Jian, Wizarding (left hand) {+Blink MP+9 Str+3 SInv}
   (You found it on level 2 of the Dungeon)

   [ring of see invisible]

   Str:       It affects your strength (+3).
   MP:        It affects your magic capacity (+9).
   SInv:      It lets you see invisible.
   +Blink:    It lets you blink.
Scrolls
 f - a scroll of fear {unknown}
 g - a scroll of noise {unknown}
 h - a scroll of identify {unknown}
Potions
 d - 2 potions of might
 n - a potion of haste {unknown}
 q - a potion of mutation {unknown}

Dungeon Overview and Level Annotations

Branches:
Dungeon (4/15)
 Temple: D:4-7

Altars:

#.# ##.####### #.........
#......... #......).. #.#
#.# #........#
#J############## #.....(..#
#@..............
###........##
#.######...#####
...........# #.# #...#
#.........# #.# ####...#
#.gw......###.# #....[.#
#.g.......#<#.# #......#
#gg.<.....#.#.###......##
#.g.......#.#.#..†..<......
#.........#.#.#†####...####


You could see a jelly.


Message History

You are too injured to fight recklessly!
You are too injured to fight recklessly!
You are too injured to fight recklessly!
You are too injured to fight recklessly!
You are too injured to fight recklessly!
You are too injured to fight recklessly!
You are too injured to fight recklessly!
You are too injured to fight recklessly!
You are too injured to fight recklessly!
You are too injured to fight recklessly!
You are too injured to fight recklessly!
You are too injured to fight recklessly!
You hit the jelly. The acid corrodes you!
Your hands burn!
You kill the giant cockroach!
The jelly hits you.
You are splashed with acid! 😮 HP[-9] MP[-1]
You take 9 damage, and now have 31/49 hp.
You lost 1 mp, and now have 10/14 mp.
You hit the jelly.
Your hands burn!
The jelly barely misses you. 😮 HP[-2] MP[-1]
You take 2 damage, and now have 29/49 hp.
You lost 1 mp, and now have 9/14 mp.
You barely miss the jelly. The jelly closely misses you.
You hit the jelly. The acid corrodes you!
Your hands burn!
The jelly hits you but does no damage. 😮 HP[-1] MP[-1]
You take 1 damage, and now have 28/49 hp.
You lost 1 mp, and now have 8/14 mp.
You hit the jelly but do no damage. The acid corrodes you!
Your hands burn!
The jelly hits you.
You are splashed with acid.
* * * LOW HITPOINT WARNING * * *
😨 HP[-7] MP[-2]
You take 7 damage, and now have 21/49 hp.
You lost 2 mp, and now have 6/14 mp.
Aiming: Spit Poison (1% risk of failure)
Press: ? - help, Shift-Dir - straight line, f - jelly
Aim: a jelly (heavily wounded, 100% to hit)
The splash of poison hits the jelly.
The jelly hits you. The acid corrodes you!
You are splashed with acid!
* * * LOW HITPOINT WARNING * * *
😨 HP[-7] MP[-3]
You take 7 damage, and now have 14/49 hp.
You lost 3 mp, and now have 3/14 mp.
It was a potion of degeneration.
There was something very wrong with that liquid.
You feel weakened.
You feel dopey.
You feel clumsy. The jelly hits you.
* * * LOW HITPOINT WARNING * * *
You are splashed with acid.
* * * LOW HITPOINT WARNING * * *
😱 HP[-6]
You take 6 damage, and now have 8/49 hp.
Unknown command.
Unknown command.
It was a potion of heal wounds.
You feel much better. The jelly hits you.
You are splashed with acid. 😮 HP[+17] MP[-1]
You regained 17 hp, and now have 25/49 hp.
You lost 1 mp, and now have 2/14 mp.
You can't do that yet.
Unknown command.
Your +1 dagger of venom {short} stops dripping with poison.
Your +2 dagger of freezing {short} glows with a cold blue light!
r - a +2 dagger of freezing (weapon)
{short} You block the jelly's attack.
You have got your breath back. 😮 HP[+1] Throw: throwing net {=f!fthrowing}
Press: ? - help, Shift-Dir - straight line, f/p - jelly
Aim: a jelly (severely wounded, 88% to hit)
You throw a throwing net {=f!fthrowing}.
The throwing net {=f!fthrowing} barely misses the jelly.
The jelly hits you.
You are splashed with acid!
* * * LOW HITPOINT WARNING * * *
😨 HP[-8] MP[-1]
You take 8 damage, and now have 18/49 hp.
You lost 1 mp, and now have 1/14 mp.
Throw: 4 darts (atropa) {throwing}
Press: ? - help, Shift-Dir - straight line, f/p - jelly
Aim: a jelly (severely wounded, 88% to hit, chance to blind on hit: 80%)
You throw an atropa-tipped dart {throwing}.
The atropa-tipped dart {throwing} hits the jelly.
The jelly appears confused.
The jelly barely misses you.
The jelly seems less confused.
The jelly hits you.
* * * LOW HITPOINT WARNING * * *
You are splashed with acid!
* * * LOW HITPOINT WARNING * * *
There is a stone staircase leading down here. 😱 HP[-13]
You take 13 damage, and now have 5/49 hp.
MASSIVE DAMAGE!! (PAUSE)
Okay, then.
Aiming: Spit Poison (1% risk of failure)
Press: ? - help, Shift-Dir - straight line, f/p - jelly
Aim: a jelly (severely wounded, 100% to hit)
The splash of poison hits the jelly.
The jelly hits you.
* * * LOW HITPOINT WARNING * * *
The acid corrodes you!
You are splashed with acid!
You die...

Skill      XL: |  1  2  3  4 |
---------------+-------------+-----
Armour         | 3 4 |  4.5
Throwing       | 1 |  1.5
Fighting       | |  3.0
Polearms       | |  2.0
Shields        | |  2.4

Action                   |  1- 3 |  4- 6 || total
-------------------------+-------+-------++-------
Melee: Trident           |   133 |    72 ||   205
       Dagger            |       |    35 ||    35
Throw: Stone             |    24 |    55 ||    79
       Dart              |       |     6 ||     6
       Throwing net      |       |     1 ||     1
 Abil: Spit Poison       |     1 |     5 ||     6
  Use: Potion            |     1 |     2 ||     3
Armor: Scale mail        |    51 |    39 ||    90
Dodge: Dodged            |    31 |    30 ||    61
Block: Buckler           |    18 |    24 ||    42

Levels and vault maps discovered:
D:1:      dpeg_arrival_more_subterranean_lakeside_camping, layout_loops_cross,
          serial_rivers, chequers_serial_rivers_micro_d,
          chequers_serial_rivers_micro_e, chequers_serial_rivers_large_a,
          chequers_serial_rivers_small_b, chequers_serial_rivers_micro_b,
          chequers_serial_rivers_small_3
D:2:      layout_loops_ring, shapermc_ecumenical_altar_venn
D:3:      layout_loops_cross, dreamdust_wishing_well, uniq_robin, uniq_jessica
D:4:      layout_basic, minmay_temple_entry_mini_moons, grunt_decor_arrowhead,
          minmay_misc_feat_nine_boxes, uniq_natasha

Notes
Turn   | Place    | Note
-------+----------+-------------------------------------------
     0 | D:1      | spaghetti the Naga Fighter began the quest for the Orb.
     0 | D:1      | Reached XP level 1. HP: 21/21 MP: 1/1
     0 | D:1      | magus.rc [v1.9.6]
   146 | D:1      | Reached XP level 2. HP: 28/28 MP: 2/2
   302 | D:1      | Reached skill level 3 in Armour
   308 | D:1      | You pick up a book of Changes and begin reading...
   308 | D:1      | You add the spells Beastly Appendage, Wereblood and Spider
                  | Form to your library.
   316 | D:1      | You fall into a shaft and drop 1 floor!
   461 | D:2      | Reached XP level 3. HP: 31/34 MP: 3/3
   493 | D:2      | Found a faded altar of an unknown god.
   531 | D:2      | Identified the ring of Wu Jian, Wizarding {+Blink MP+9
                  | Str+3 SInv}
  1450 | D:3      | Noticed Jessica
  1468 | D:3      | Killed Jessica
  1469 | D:3      | Reached skill level 4 in Armour
  1469 | D:3      | Reached XP level 4. HP: 22/42 MP: 4/4
  1750 | D:3      | Reached skill level 1 in Throwing
  2091 | D:3      | Noticed Robin
  2108 | D:3      | Killed Robin
  2109 | D:3      | Reached XP level 5. HP: 32/49 MP: 5/5
  2748 | D:4      | HP: 8/49 [acid (5)]
  2755 | D:4      | HP: 5/49 [acid (10)]
  2756 | D:4      | Splashed by a jelly's acid

Vanquished Creatures
  Jessica (D:3)
  Robin (D:3)
  A gnoll (D:3)
  3 adders
  2 worms (D:2)
  3 dart slugs
  An orc (D:3)
  6 ball pythons
  4 bats
  5 endoplasms
  5 giant cockroaches
  8 hobgoblins
  4 quokkas
  A frilled lizard (D:2)
  10 goblins
  5 kobolds
  2 rats
62 creatures vanquished.

Table legend:
 A = Non-vault XP
 B = Vault XP
 C = Vault XP percentage of total XP
 D = Non-vault monster count
 E = Vault monster count
 F = Vault count percentage of total count
                 A         B        C        D         E       F
            +---------+---------+-------+---------+---------+-------
      Total |     144 |      75 |  34.2 |      49 |      13 |  21.0
            +---------+---------+-------+---------+---------+-------
        D:1 |      14 |       0 |   0.0 |       7 |       0 |   0.0
        D:2 |      63 |       0 |   0.0 |      20 |       0 |   0.0
        D:3 |      62 |      75 |  54.7 |      19 |      13 |  40.6
        D:4 |       5 |       0 |   0.0 |       3 |       0 |   0.0
            +---------+---------+-------+---------+---------+-------

Illustrated notes

Table legend:
 A = Kills in this place as a percentage of kills in entire the game.
 B = Kills by you in this place as a percentage of kills by you in the entire game.
 C = Kills by friends in this place as a percentage of kills by friends in the entire game.
 D = Other kills in this place as a percentage of other kills in the entire game.
 E = Experience gained in this place as a percentage of experience gained in the entire game.
 F = Experience gained in this place divided by the number of levels of this place that you have seen.
                   A       B       C       D       E      F
               +-------+-------+-------+-------+-------+----------------------
         Total | 100.0 | 100.0 |   N/A |   N/A | 100.0 |  54.8
       Dungeon | 100.0 | 100.0 |   N/A |   N/A | 100.0 |  54.8
               +-------+-------+-------+-------+-------+----------------------

Table legend: (Time is in decaauts)
 A = Elapsed time spent in this place.
 B = Non-inter-level travel time spent in this place.
 C = Inter-level travel time spent in this place.
 D = Time resting spent in this place.
 E = Time spent auto-exploring this place.
 F = Levels seen in this place.
 G = Mean time per level.
                   A        B        C        D        E       F      G
               +--------+--------+--------+--------+--------+-----+--------+
         Total |   3366 |   3202 |    164 |    402 |   2179 |   4 |  841.5 |
       Dungeon |   3366 |   3202 |    164 |    402 |   2179 |   4 |  841.5 |
               +--------+--------+--------+--------+--------+-----+--------+

Top non-repeatable levels by time:
     D:2: 1486 daAuts
     D:3: 1430 daAuts
     D:1: 375 daAuts
     D:4: 74 daAuts
